 Dungeon Crawl Stone Soup version 0.29.1 (webtiles) character file.

Game seed: 5346989775451113041

95 masschaos23 the Chopper (level 4, -2/37 HPs)
             Began as a Human Chaos Knight on Sept 13, 2022.
             Was a Plaything of Xom.
             Slain by a snapping turtle (glowing shapeshifter) (4 damage)
             ... on level 3 of the Dungeon.
             The game lasted 00:08:00 (1751 turns).

masschaos23 the Chopper (Human Chaos Knight)        Turns: 1751, Time: 00:08:01

Health: -2/37      AC:  5    Str: 14    XL:     4   Next: 95%
Magic:  3/4        EV: 11    Int: 13    God:    Xom [......]
Gold:   83         SH:  0    Dex: 12    Spells: 3/3 levels left

rFire   . . .      SeeInvis .   a - +0 hand axe (chaos)
rCold   . . .      Faith    .   (no shield)
rNeg    . . .      Spirit   .   b - +2 leather armour
rPois   .          Reflect  .   (no helmet)
rElec   .          Harm     .   (no cloak)
rCorr   .          Rampage  .   (no gloves)
Will    .....                   (no boots)
Stlth   +.........              (no amulet)
HPRegen 0.12/turn               (no ring)
MPRegen 0.09/turn               (no ring)

@: no status effects
A: no striking features
a: Renounce Religion


You were on level 3 of the Dungeon.
You worshipped Xom.
You were a very special plaything of Xom.
You visited 1 branch of the dungeon, and saw 3 of its levels.

You collected 83 gold pieces.

Inventory:

Hand Weapons
 a - a +0 hand axe of chaos (weapon)
 d - a +0 club
 g - a +0 dagger of venom
 h - a +0 sling
 i - a +0 whip of freezing
Missiles
 e - 36 stones
 l - 4 poisoned darts
Armour
 b - a +2 leather armour (worn)
Miscellaneous
 c - a piece from Xom's chessboard (5/15) (quivered)


   Skills:
 + Level 3.7 Fighting
 + Level 4.0 Axes
 + Level 2.3 Armour
 + Level 1.6 Dodging
 + Level 0.2 Stealth
 + Level 0.8 Evocations


You had 3 spell levels left.
You didn't know any spells.
Your spell library was empty.

Dungeon Overview and Level Annotations

Branches:
Dungeon (3/15)

Altars:


Message History

The kobold hits you but does no damage.
You closely miss the kobold.
The kobold is heavily wounded.
The kobold hits you but does no damage.
You nearly hit yourself!
Your transformation is almost over.
The swamp dragon changes into a steelbarb worm!
The kobold hits you but does no damage.
You hit the kobold.
You kill the kobold!
You feel less confused.
You hit the steelbarb worm but do no damage.
The steelbarb worm hits you but does no damage.
You barely miss the steelbarb worm.
The steelbarb worm hits you but does no damage. x2
You hit the steelbarb worm but do no damage.
You drain the steelbarb worm.
The steelbarb worm is lightly wounded.
The steelbarb worm hits you!
* * * LOW HITPOINT WARNING * * *
A shower of butterflies erupts from you!
Barbed spikes become lodged in your body.
You barely miss the steelbarb worm.
The steelbarb worm is lightly wounded.
The steelbarb worm changes into a cyclops!
You hit the cyclops but do no damage.
The cyclops seems to slow down.
The cyclops changes into a swamp dragon!
You hit the swamp dragon but do no damage.
The swamp dragon resists with almost no effort.
You feel less wooden.
Your +2 leather armour unmelds from your body.
The swamp dragon changes into a snapping turtle!
You hit the snapping turtle. You burn the snapping turtle.
The snapping turtle is lightly wounded.
You carefully extract the barbed spikes from your body.
You hit the snapping turtle but do no damage.
The snapping turtle is lightly wounded.
The snapping turtle bites you.
You die...
Xom roars with laughter!

#.# ♣ #.# .♣♣.
##.####....
#..........
#..........
#w<........
#...b......
######)†........
#.b.@t..........
#..#.##...b.b....
#..##.............
#.# ##..#.b#####..
#. #.##.##.# .# #
..# .⌠.##.# #.#
#.## #.. .. .# ..


You could see a snapping turtle shaped shifter (ally target).

Vanquished Creatures
  4 adders
  7 bats (D:1)
  5 endoplasms
  2 giant cockroaches (D:1)
  5 hobgoblins
  5 jackals
  11 kobolds
  3 quokkas
  4 ball pythons
  5 frilled lizards
  A goblin (D:1)
  4 rats
56 creatures vanquished.

Notes
Turn   | Place    | Note
-------+----------+-------------------------------------------
     0 | D:1      | masschaos23 the Human Chaos Knight began the quest for the
                  | Orb.
     0 | D:1      | Reached XP level 1. HP: 18/18 MP: 1/1
    63 | D:1      | Reached XP level 2. HP: 21/24 MP: 2/2
   156 | D:1      | XOM: silly message
   462 | D:1      | Reached XP level 3. HP: 29/29 MP: 3/3
   498 | D:1      | Found a faded altar of an unknown god.
   747 | D:1      | XOM: noise
   964 | D:2      | XOM: divination: magic mapping
  1044 | D:2      | Reached XP level 4. HP: 22/36 MP: 4/4
  1384 | D:2      | XOM: noise
  1571 | D:2      | Reached skill level 4 in Axes
  1682 | D:3      | XOM: noise
  1715 | D:3      | Noticed a glowing shapeshifter
  1715 | D:3      | a worm changed into a glowing shapeshifter
  1715 | D:3      | Noticed a shining eye
  1715 | D:3      | a glowing shapeshifter changed into a shining eye
  1717 | D:3      | Noticed a mana viper
  1717 | D:3      | a shining eye changed into a mana viper
  1720 | D:3      | Noticed a sea snake
  1721 | D:3      | Noticed a merfolk
  1721 | D:3      | a sea snake changed into a merfolk
  1726 | D:3      | Noticed a shining eye
  1726 | D:3      | a merfolk changed into a shining eye
  1727 | D:3      | Noticed a snapping turtle
  1727 | D:3      | a shining eye changed into a snapping turtle
  1728 | D:3      | Noticed a merfolk
  1728 | D:3      | a snapping turtle changed into a merfolk
  1730 | D:3      | Noticed a lindwurm
  1730 | D:3      | a merfolk changed into a lindwurm
  1731 | D:3      | Noticed a glowing shapeshifter
  1731 | D:3      | a lindwurm changed into a glowing shapeshifter
  1732 | D:3      | Noticed an eye of devastation
  1732 | D:3      | a glowing shapeshifter changed into an eye of devastation
  1738 | D:3      | XOM: confusion
  1739 | D:3      | Noticed a swamp dragon
  1739 | D:3      | an eye of devastation changed into a swamp dragon
  1742 | D:3      | Noticed a steelbarb worm
  1742 | D:3      | a swamp dragon changed into a steelbarb worm
  1746 | D:3      | XOM: butterfly on damage
  1747 | D:3      | Noticed a cyclops
  1747 | D:3      | a steelbarb worm changed into a cyclops
  1748 | D:3      | Noticed a swamp dragon
  1748 | D:3      | a cyclops changed into a swamp dragon
  1749 | D:3      | Noticed a snapping turtle
  1749 | D:3      | a swamp dragon changed into a snapping turtle
  1751 | D:3      | Slain by a snapping turtle (glowing shapeshifter)

Illustrated notes

Levels and vault maps discovered:
D:1:      psy_arrival_statuary, layout_basic,
          hellmonk_ecumenical_altar_prayer_group
D:2:      layout_loops_ring
D:3:      layout_basic, pdpol_wu_jian_five_deadly_venoms,
          mainiacjoe_overflow_catch_the_wave, grunt_decor_mini_mirrors

Skill      XL: |  1  2  3  4 |
---------------+-------------+-----
Axes           | 4 |  4.0
Fighting       | |  3.7
Armour         | |  2.3
Dodging        | |  1.6
Stealth        | |  0.2
Evocations     | |  0.8

Action                   |  1- 3 |  4- 6 || total
-------------------------+-------+-------++-------
Melee: Hand axe          |   103 |    94 ||   197
       Punch             |       |     2 ||     2
Evoke: Piece from Xom's  |    13 |     1 ||    14
  Use: Potion            |     1 |     3 ||     4
       Scroll            |     1 |     2 ||     3
 Stab: Paralysed         |     1 |       ||     1
       Sleeping          |     1 |       ||     1
       Confused          |       |     2 ||     2
Armor: Leather armour    |    46 |    20 ||    66
       Skin              |       |    11 ||    11
Dodge: Dodged            |    76 |    46 ||   122
